Map: Deathaura LE

Players

A.I. 1 (Elite)

  • Race: Terran Terran
  • Spawn Location: 5:00

cheetoss - Winner!

  • Race: Zerg Zerg
  • Spawn Location: 11:00

VOD

Have the link to the VOD?

Description

Time

  • Played on: Dec. 10, 2020, 11:01 a.m.
  • Length: 3:37
Show
View Real Time Build Order
Export as new Build Order

A.I. 1 (Elite) Terran 

Build Orders: Command Center First (CC) 

Get SALT Encoding   

  6  0:00  SCV  
  13  0:13  SCV  
  14  0:18  Supply Depot  
  14  0:25  SCV  
  15  0:39  SCV  
  16  0:51  SCV  
  17  1:03  SCV  
  17  1:04  Command Center  
  18  1:16  Barracks  
  18  1:17  SCV  
  19  1:38  Refinery  
  19  1:50  Supply Depot  
  19  1:52  SCV  
  20  2:03  Marine  
  20  2:04  Orbital Command  
  21  2:13  Barracks  
  21  2:15  SCV  
  22  2:21  Marine  
  23  2:24  Refinery  
  23  2:27  SCV  
  24  2:38  Marine, Supply Depot  
  24  2:40  SCV  
  26  2:47  Orbital Command  
  26  2:54  SCV  
  26  2:56  Marine  
  28  2:59  Marine  
  28  3:04  Factory  
  29  3:06  SCV  
  28  3:14  Marine  
  28  3:17  Marine  
  28  3:18  SCV  
Show
View Real Time Build Order
Export as new Build Order

cheetoss Zerg - Winner!

Build Orders: Pool First 

Get SALT Encoding   

  6  0:00  Drone  
  13  0:13  Overlord  
  13  0:17  Drone  
  14  0:32  Drone x2  
  16  0:38  Drone  
  17  0:56  Spawning Pool  
  16  1:07  Hatchery  
  16  1:10  Drone  
  16  1:14  Drone  
  16  1:17  Drone  
  18  1:19  Extractor  
  18  1:24  Drone  
  18  1:41  Drone  
  19  1:47  Queen, Roach Warren  
  19  1:50  Drone  
  21  1:57  Overlord  
  21  2:21  Queen  
  23  2:29  Drone  
  24  2:39  Roach x2  
  24  2:41  Roach  
  24  2:42  Queen  
  32  2:44  Overlord  
  32  2:55  Spine Crawler  
  32  2:57  Roach  
  33  3:10  Roach  
  35  3:17  Roach  
Tags
 
Add a new tag
Caveats
  • Supply blocks, unpowered buildings, or Contaminate may cause inaccurate times.
  • Supply counts are checked every 10 seconds.